 Dungeon Sprint DCSS version 0.31.0-9-g3a7656b989 (webtiles) character file.

Game seed: 10185038212998299678

19728 Heoruswealwe the Phalangite (level 12, -1/130 HPs)
             Began as a Minotaur Fighter on Feb 6, 2024.
             Was an Initiate of Gozag.
             Slain by a death yak (14 damage)
             ... summoned by a spriggan berserker
             ... in the Dungeon (Sprint IX: "|||||||||||||||||||||||||||||").
             The game lasted 00:23:33 (3108 turns).

Heoruswealwe the Phalangite (Minotaur Fighter)      Turns: 3108, Time: 00:23:34

Health: -1/130     AC: 22    Str: 27    XL:     12   Next: 39%
Magic:  11/11      EV:  8    Int:  5    God:    Gozag
Gold:   1950       SH:  0    Dex:  9    Spells: 11/11 levels left

rFire   . . .        b - +2 glaive (venom)
rCold   + . .        (shield currently unavailable)
rNeg    . . .        c - +0 plate armour
rPois   +            (helmet restricted)
rElec   .            (no cloak)
rCorr   .            f - +0 pair of gloves
SInv    .            e - +0 pair of boots
Will    .....        (no amulet) Stlth
                     k - ring of protection from cold
HPRegen 0.41/turn    j - ring of poison resistance
MPRegen 0.12/turn

%: no teleportation
@: on berserk cooldown, slowed, very slow
A: horns 2, retaliatory headbutt
a: Renounce Religion, Potion Petition, Call Merchant, Bribe Branch


You were in the Dungeon.
You worshipped Gozag.
Gozag was most pleased with you.
You visited 1 branch You collected 9452 gold pieces.
You spent 1764 gold pieces at shops.
You paid 5738 gold pieces to Gozag.

Inventory:

Hand Weapons
 a - a +0 trident
 b - a +2 glaive of venom (weapon)
Armour
 c - a +0 plate armour (worn)
 d - a +0 buckler
 e - a +0 pair of boots (worn)
 f - a +0 pair of gloves (worn)
Jewellery
 j - a ring of poison resistance (right hand)
 k - a ring of protection from cold (left hand)
Wands
 h - a wand of iceblast (10)
 t - a wand of polymorph (5)
Scrolls
 m - 3 scrolls of blinking
 o - 4 scrolls of enchant armour
 r - a scroll of identify
 u - 2 scrolls of enchant weapon
Potions
 g - 2 potions of haste
 l - 3 potions of curing
 n - 3 potions of might
 p - 4 potions of heal wounds
 v - 2 potions of mutation
Miscellaneous
 q - a box of beasts
 s - a tin of tremorstones (2/2)


   Skills:
 + Level 19.4 Fighting
 * Level 26.1 Polearms
 + Level 19.5 Armour
 - Level 3.6 Shields


You had 11 spell levels left.
You didn't know any spells.
Your spell library contained the following spells:

 Spells                   Type           Power      Damage    Failure   Level
 Magic Dart               Conj           0%         1d3       95%         1
 Searing Ray              Conj           0%         2d4       98%         2
 Fulminant Prism          Conj/Alch      0%         3d5       100%        4


Dungeon Overview and Level Annotations

Branches:
Dungeon (1/1)

Altars:
Cheibriados
Dithmenos
Elyvilon
Fedhas
Gozag
Hepliaklqana
Kikubaaqudgha
Makhleb
Nemelex Xobeh
Okawaru
Qazlal
Ru
Sif Muna
Trog
Uskayaw
Vehumet
Wu Jian
Xom
Yredelemnul
Zin
The Shining One
Jiyva
Lugonu

Shops:
D *(((*(**[*


Innate Abilities, Weirdness & Mutations

You have a pair of horns on your head.
You reflexively headbutt those who attack you in melee.


Message History

You headbutt the stone giant.
The stone giant is heavily wounded.
The stone giant hits you!!
The spriggan berserker mumbles some strange prayers to Trog.
The death yak goes berserk!
You slice the stone giant like a ripe choko!!!
You kill the stone giant!
The boulder beetle leaps!
Your Polearms skill increases to level 26!
You chop the death yak into pieces!!! You headbutt the death yak!
The death yak is moderately wounded.
The death yak gores you but does no damage.
The death yak barely misses you. You furiously retaliate!
You headbutt the death yak. You hit the death yak but do no damage.
The death yak is moderately wounded.
The death yak gores you!
You hit the death yak.
The death yak is poisoned.
You headbutt the death yak.
The death yak is moderately wounded.
The death yak gores you but does no damage.
The death yak closely misses you.
You hit the death yak but do no damage. Your headbutt misses the death yak.
The death yak is moderately wounded.
The death yak gores you but does no damage. x2
You slash the death yak!
The death yak looks as sick as possible!
The death yak is heavily wounded.
The death yak gores you!
* * * LOW HITPOINT WARNING * * *
You barely miss the death yak. Your headbutt misses the death yak.
The death yak is heavily wounded.
The death yak rages.
The death yak gores you!!
* * * LOW HITPOINT WARNING * * *
The death yak gores you but does no damage.
You feel much better. The death yak gores you!!
* * * LOW HITPOINT WARNING * * *
The death yak gores you!
You die...
Your body crumbles into a pile of gold.

▓.▓.▓.▓.▓.▓.▓.▓.▓,*,*,*,*,*,*+
▓=▓.▓.▓.▓∩▓.▓Q▓.▓~*,*,*,*,*,*,
▓=▓.▓.▓.▓.▓.▓B▓.▓~*,*,*,*,*,*,
▓[▓.▓.▓.▓∩▓.▓T▓.▓~*,*,*,*,*,*,
▓[▓.▓.▓.▓.▓.▓i▓,*+*,*,*,*,*,*,
▓)▓.▓.▓.▓.▓.▓Y▓,*,*,*,*,*,*,*,
▓?▓.▓.▓.▓.▓.▓D▓,*,*,*,*,*,*,*,
▓!▓.▓.▓.▓.▓.▓Y▓,*,*,*,*,*,*,*,
▓'▓.▓'▓.▓?▓.▓@▓,*,*,*,*,*,*,*,
▓_▓.▓.▓.▓[▓.▓.▓,*,*,*,*,*,*,*,
▓_▓.▓.▓.▓.▓.▓.▓,*,*,*,*,*,*,*,
▓_▓.▓.▓.▓.▓.▓.▓,*,*,*,*,*,*,*,
▓_▓.▓.▓.▓.▓.▓.▓,*,*,*,*,*,*,*,
▓_▓.▓.▓.▓.▓.▓.▓,*,*,*+*,*,*,*,
▓_▓.▓.▓.▓.▓.▓.▓,*+*,*,*,*,*,*+
▓_▓.▓.▓.▓.▓.▓.▓,*,*,*,*,*,*,*,
▓_▓.▓.▓.▓.▓.▓?▓,*,*,*,*,*,*,*,


You could see an ice dragon, 2 death yaks, a boulder beetle, a tengu warrior
(wandering), a spriggan berserker (regenerating, strong-willed) and a deep troll
shaman.

Vanquished Creatures
  A stone giant (D)
  2 hydras (D)
  3 ogre magi (D)
  A centaur warrior (D)
  Erica (D)
  A tengu warrior (D)
  An iron troll (D)
  3 deep trolls (D)
  A deep elf pyromancer (D)
  An orc knight (D)
  2 lindwurms (D)
  4 ugly things (D)
  An orc sorcerer (D)
  2 elephants (D)
  Joseph (D)
  A meliai (D)
  A cane toad (D)
  A rime drake (D)
  A tengu conjurer (D)
  An efreet (D)
  A komodo dragon (D)
  7 trolls (D)
  3 tyrant leeches (D)
  2 blink frogs (D)
  3 yaks (D)
  A steam dragon (D)
  2 basilisks (D)
  Grum (D)
  An acid dragon (D)
  3 water moccasins (D)
  13 orc warriors (D)
  3 wolves (D)
  A centaur (D)
  2 bullfrogs (D)
  2 killer bees (D)
  A howler monkey (D)
  A jelly (D)
  3 orc priests (D)
  2 hounds (D)
  4 orc wizards (D)
  An adder (D)
  3 ribbon worms (D)
  3 orcs (D)
  2 quokkas (D)
  A ball python (D)
  A bat (D)
  A bat simulacrum (D)
  2 rats (D)
100 creatures vanquished.

Notes
Turn   | Place    | Note
-------+----------+-------------------------------------------
     0 | D        | Heoruswealwe the Minotaur Fighter began the quest for the
                  | Orb.
     0 | D        | Reached XP level 1. HP: 19/19 MP: 0/0
    10 | D        | Reached skill level 3 in Polearms
    24 | D        | Noticed a hound
    24 | D        | Noticed a hound
    24 | D        | Noticed a jelly
    26 | D        | Killed a jelly
    27 | D        | Reached skill level 5 in Fighting
    27 | D        | Reached skill level 5 in Polearms
    27 | D        | Reached skill level 5 in Armour
    27 | D        | Reached XP level 2. HP: 28/29 MP: 1/1
    27 | D        | Reached XP level 3. HP: 35/36 MP: 2/2
    35 | D        | Reached skill level 6 in Polearms
    37 | D        | Reached skill level 7 in Polearms
    37 | D        | Reached XP level 4. HP: 44/44 MP: 3/3
    43 | D        | Reached skill level 8 in Polearms
    49 | D        | Found a snail-covered altar of Cheibriados.
    49 | D        | Found a shadowy altar of Dithmenos.
    49 | D        | Found a white marble altar of Elyvilon.
    49 | D        | Found a blossoming altar of Fedhas.
    49 | D        | Found an opulent altar of Gozag.
    50 | D        | Found a hazy altar of Hepliaklqana.
    51 | D        | Found a viscous altar of Jiyva.
    52 | D        | Found an ancient bone altar of Kikubaaqudgha.
    53 | D        | Found a corrupted altar of Lugonu.
    54 | D        | Found a burning altar of Makhleb.
    55 | D        | Found a sparkling altar of Nemelex Xobeh.
    56 | D        | Found an iron altar of Okawaru.
    57 | D        | Became a worshipper of Gozag Ym Sagoz the Greedy
    58 | D        | Found a stormy altar of Qazlal.
    59 | D        | Found a sacrificial altar of Ru.
    60 | D        | Found a shimmering blue altar of Sif Muna.
    61 | D        | Found a bloodstained altar of Trog.
    62 | D        | Found a hide-covered altar of Uskayaw.
    63 | D        | Found a radiant altar of Vehumet.
    64 | D        | Found an ornate altar of the Wu Jian Council.
    65 | D        | Found a shimmering altar of Xom.
    66 | D        | Found a basalt altar of Yredelemnul.
    67 | D        | Found a glowing silver altar of Zin.
    68 | D        | Found a glowing golden altar of the Shining One.
   128 | D        | Noticed a troll
   128 | D        | Noticed a centaur
   128 | D        | Noticed a yak
   132 | D        | Reached XP level 5. HP: 44/52 MP: 4/4
   136 | D        | Killed a yak
   137 | D        | Reached skill level 11 in Polearms
   137 | D        | Reached XP level 6. HP: 46/62 MP: 5/5
   144 | D        | Reached skill level 12 in Polearms
   150 | D        | Killed a troll
   151 | D        | Reached skill level 10 in Fighting
   151 | D        | Reached skill level 13 in Polearms
   151 | D        | Reached skill level 10 in Armour
   151 | D        | Reached XP level 7. HP: 32/72 MP: 6/6
   276 | D        | Noticed a deep elf pyromancer
   276 | D        | Noticed a tengu conjurer
   276 | D        | Noticed a centaur warrior
   276 | D        | Noticed an efreet
   276 | D        | Noticed a tengu warrior
   279 | D        | Killed an efreet
   280 | D        | Reached skill level 14 in Polearms
   287 | D        | Reached XP level 8. HP: 35/82 MP: 7/7
   301 | D        | Killed a tengu conjurer
   302 | D        | Reached skill level 15 in Polearms
   302 | D        | Killed a deep elf pyromancer
   303 | D        | Reached skill level 16 in Polearms
   308 | D        | Killed a centaur warrior
   309 | D        | Reached skill level 17 in Polearms
   309 | D        | Reached XP level 9. HP: 30/93 MP: 8/8
   321 | D        | HP: 3/93 [tengu warrior/+3 halberd (11)]
   323 | D        | Killed a tengu warrior
   324 | D        | Reached skill level 18 in Polearms
   661 | D        | Noticed a cane toad
   666 | D        | Noticed a rime drake
   677 | D        | Killed a cane toad
   681 | D        | Reached skill level 19 in Polearms
   685 | D        | Killed a rime drake
   686 | D        | Reached XP level 10. HP: 41/104 MP: 9/9
   897 | D        | Noticed an eight-headed hydra
   897 | D        | Noticed an elephant
   897 | D        | Noticed an elephant
   905 | D        | Reached skill level 20 in Polearms
   912 | D        | Killed an elephant
   913 | D        | Reached skill level 15 in Fighting
   913 | D        | Reached skill level 15 in Armour
   916 | D        | Killed an elephant
   924 | D        | Killed a 14-headed hydra
   929 | D        | Reached skill level 21 in Polearms
  1151 | D        | Noticed a lindwurm
  1151 | D        | Noticed a lindwurm
  1163 | D        | Killed a lindwurm
  1184 | D        | Killed a lindwurm
  1185 | D        | Reached XP level 11. HP: 45/114 MP: 10/10
  1193 | D        | Reached skill level 22 in Polearms
  1521 | D        | Noticed an orc sorcerer
  1536 | D        | Killed an orc sorcerer
  1667 | D        | Noticed an orc knight
  1685 | D        | Killed an orc knight
  1966 | D        | Found Derphayph's General Store.
  1966 | D        | Noticed an ogre mage
  1966 | D        | Noticed a deep troll
  1969 | D        | Reached skill level 23 in Polearms
  1971 | D        | Noticed an ogre mage
  1972 | D        | Killed an ogre mage
  1985 | D        | Killed a deep troll
  2002 | D        | Killed an ogre mage
  2185 | D        | Found Bafierom's Armour Shop.
  2189 | D        | Found Vawky's Assorted Antiques.
  2192 | D        | Found Unud's General Store.
  2192 | D        | Noticed an ogre mage
  2207 | D        | Reached skill level 24 in Polearms
  2211 | D        | Killed an ogre mage
  2212 | D        | Noticed a deep troll
  2227 | D        | Killed a deep troll
  2363 | D        | Noticed a deep troll
  2364 | D        | Noticed an iron troll
  2387 | D        | Killed a deep troll
  2394 | D        | Killed an iron troll
  2455 | D        | Bought a scroll of revelation for 82 gold pieces
  2455 | D        | Bought a potion of brilliance for 44 gold pieces
  2455 | D        | Bought a scroll of identify for 22 gold pieces
  2455 | D        | Bought a tin of tremorstones (2/2) for 440 gold pieces
  2463 | D        | Bought a crooked silver wand for 100 gold pieces
  2463 | D        | Bought a scroll of identify for 50 gold pieces
  2463 | D        | Bought a sapphire potion for 22 gold pieces
  2465 | D        | Bought a scroll of enchant armour for 75 gold pieces
  2465 | D        | Bought a scroll of identify for 20 gold pieces
  2468 | D        | Noticed a tengu warrior
  2468 | D        | Noticed a frost giant
  2468 | D        | Noticed a tengu warrior
  2468 | D        | Noticed a deep troll shaman
  2468 | D        | Noticed a spriggan berserker
  2468 | D        | Noticed a stone giant
  2468 | D        | Noticed an ice dragon
  2468 | D        | Noticed a white ugly thing
  2468 | D        | Noticed a purple ugly thing
  2468 | D        | Noticed a boulder beetle
  2468 | D        | Noticed Grum
  2468 | D        | Noticed a four-headed hydra
  2469 | D        | Noticed a white ugly thing
  2515 | D        | Bought a scroll labelled IPOTUI GATTINOM for 39 gold pieces
  2515 | D        | Bought a potion of haste for 390 gold pieces
  2515 | D        | Bought a potion of curing for 117 gold pieces
  2521 | D        | Bought a glowing glaive for 285 gold pieces
  2530 | D        | Bought a scroll of identify for 32 gold pieces
  2530 | D        | Bought a scroll labelled VAQIOPHIY for 16 gold pieces
  2530 | D        | Bought a bubbling ruby potion for 14 gold pieces
  2530 | D        | Bought a scroll labelled LOROT DOALI for 16 gold pieces
  2604 | D        | Reached XP level 12. HP: 128/128 MP: 11/11
  2608 | D        | Killed Grum
  2701 | D        | Noticed Joseph
  2703 | D        | Noticed Erica
  2708 | D        | Killed Joseph
  2709 | D        | Reached skill level 25 in Polearms
  2723 | D        | Killed Erica
  3072 | D        | Killed a six-headed hydra
  3097 | D        | Noticed a death yak
  3101 | D        | Noticed a death yak
  3101 | D        | Killed a stone giant
  3102 | D        | Reached skill level 26 in Polearms
  3108 | D        | Slain by a death yak

Illustrated notes

Levels and vault maps discovered:
D:        linesprint [early_d, line_temple, items_1, d_10, items_2, lair_1,
          lair_end, items_3, orc_1, orc_end, items_4, d_15, swamp_1, shoals_1,
          snake_1, spider_1, d_20, vaults_1, items_5, swamp_end, shoals_end,
          snake_end, spider_end, vaults_end, d_27, items_6, zot_1, zot_end,
          crypt_end, forest_end, elf_end, slime_end, tomb_end, abyss_end,
          pan_hell_end]

Skill      XL: |  1  2  3  4  5  6  7  8  9 10 11 12 |
---------------+-------------------------------------+-----
Polearms       | 5 7 8 11 13 14 17 19 21 24 26 | 26.1
Fighting       | 5 6 7 8 10 11 13 14 16 18 19 | 19.4
Armour         | 5 6 7 8 10 11 13 14 16 18 19 | 19.5
Shields        | |  3.6

Action                     |  1- 3 |  4- 6 |  7- 9 | 10-12 || total
---------------------------+-------+-------+-------+-------++-------
  Melee: Trident           |    26 |     6 |       |       ||    32
         Headbutt          |     4 |     4 |    10 |    60 ||    78
         Halberd           |       |    19 |    59 |   209 ||   287
         Glaive            |       |       |       |    59 ||    59
 Invoke: Call Merchant     |       |       |       |     6 ||     6
    Use: Potion            |       |       |     7 |     6 ||    13
         Scroll            |       |       |     2 |     6 ||     8
 Armour: Scale mail        |    17 |     5 |       |       ||    22
         Ring mail         |       |    19 |    57 |    86 ||   162
         Plate armour      |       |       |       |   134 ||   134
  Dodge: Dodged            |    11 |    16 |    23 |    74 ||   124
  Block: Buckler           |     3 |       |       |       ||     3
